 Dungeon Crawl Stone Soup version 0.31-a0-240-gb923e448b6 (webtiles) character file.

Game seed: 15083074229026227496

1244 Nattfarinn the Changeling (level 8, -2/50 HPs)
             Began as an Octopode Shapeshifter on July 12, 2023.
             Slain by an ogre
             ... wielding a +0 giant spiked club
              (28 damage)
             ... on level 6 of the Dungeon.
             The game lasted 00:10:57 (5983 turns).

Nattfarinn the Changeling (Octopode Shapeshifter)   Turns: 5983, Time: 00:10:57

Health: -2/50      AC:  1    Str: 16    XL:     8   Next: 50%
Magic:  17/17      EV: 13    Int: 11    God:
Gold:   108        SH:  0    Dex: 12    Spells: 7/7 levels left

rFire   . .          .
                       - Unarmed
rCold   . . .        (no shield)
rNeg    . . .        v - melded +2 hat
rPois   .            o - amulet of regeneration
rElec   .            e - ring of magical power
rCorr   .            (no ring)
SInv    .            (no ring)
Will    .....        (no ring)
Stlth   ++           (no ring)
HPRegen 1.08/turn    (no ring)
MPRegen 0.15/turn    (no ring)
                     (no ring)

%: no passive effects
@: beast-form
A: beast (slay +5), almost no armour, amphibious, 8 rings, camouflage 1,
gelatinous body 1, (nimble swimmer 1), tentacles
a: no special abilities


You were on level 6 of the Dungeon.
You were a hulking beast.
You visited 1 branch of the dungeon, and saw 6 of its levels.

You collected 318 gold pieces.
You spent 210 gold pieces at shops.

Inventory:

Missiles
 q - a throwing net
Armour
 v - a +2 hat (melded)
Jewellery
 e - a ring of magical power (left tentacle)
 o - an amulet of regeneration (around mantle)
 u - an amulet of guardian spirit
 y - an amulet of reflection
Talismans
 b - a beast talisman
 m - a blade talisman
Wands
 t - a wand of polymorph (12)
 w - a wand of light (14)
Scrolls
 c - a scroll of immolation {unknown}
 d - 2 scrolls of enchant weapon {unknown}
 f - a scroll of blinking {unknown}
 h - a scroll of teleportation
 j - a scroll of enchant armour
 p - a scroll of poison {unknown}
 r - a scroll of amnesia
 x - 2 scrolls of torment
 C - a scroll of revelation {unknown}
Potions
 a - 2 potions of lignification
 g - 3 potions of heal wounds {unknown}
 i - 3 potions of degeneration {unknown}
 k - 3 potions of curing
 l - a potion of might {unknown}
 n - a potion of attraction {unknown}
 s - a potion of cancellation {unknown}
 z - a potion of enlightenment {unknown}
 A - 4 potions of mutation
 B - a potion of brilliance
 D - a potion of haste {unknown}


   Skills:
 - Level 2.0 Fighting
 - Level 2.0 Dodging
 - Level 5.8 Unarmed Combat
 * Level 7.6 Shapeshifting


You had 7 spell levels left.
You didn't know any spells.
Your spell library contained the following spells:

 Spells                   Type           Power      Damage    Failure   Level
 Apportation              Tloc           0%         N/A       34%         1
 Stone Arrow              Conj/Erth      0%         3d7       71%         3
 Alistair's Intoxication  Tmut/Pois      0%         N/A       100%        5
 Lehudib's Crystal Spear  Conj/Erth      0%         10d2      100%        8
 Animate Armour           Summ/Erth      Unusable   N/A       N/A         4

Dungeon Overview and Level Annotations

Branches:
Dungeon (6/15)
 Temple: D:4-7

Altars:
Cheibriados
Okawaru
Uskayaw
Vehumet
Zin

Shops:
D:4 (   D:5 (!(:*

Annotations:
D:4 1 runed translucent door, Crazy Yiuf
D:5 3 runed translucent doors, British0li's ghost, weakling DsDe; Ijustatesigmund's ghost, amateur OpVM; Olga's ghost, novice FeSh


Innate Abilities, Weirdness & Mutations

You are a hulking beast.
Your limbs bulge with bestial killing power. (Slay +5)
You cannot wear most types of armour.
You are amphibious.
You can wear up to eight rings at the same time.
Your skin changes colour to match your surroundings (Stealth+).
Your rubbery body absorbs attacks. (AC +1, EV +1)
((You are camouflaged when in or above water. (Stealth+)))
You have tentacles for arms and can constrict up to eight enemies at once.


Message History

The gnoll closely misses you. The gnoll closely misses you.
Things that are here:
a +0 whip; a +0 leather armour; a gnoll corpse You completely miss the gnoll.
You grab the gnoll. You squeeze the gnoll!
The gnoll is almost dead.
You constrict the gnoll.
You kill the gnoll!
Things that are here:
a +0 flail; a gnoll corpse
q - a throwing net
Things that are here:
a +0 whip; a +0 leather armour; a gnoll corpse
Things that are here:
a +0 halberd; a gnoll corpse
Found a dagger.
Found a hide-covered altar of Uskayaw.
An ogre comes into view. It is wielding a +0 giant spiked club.
Found 10 gold pieces.
Found a scroll of identify.
Found a radiant altar of Vehumet.
An ogre is nearby!
Found a glowing silver altar of Zin.
The ogre shouts!
You hear a shout!
A gnoll comes into view. It is wielding a +0 halberd.
A gnoll comes into view. It is wielding a +0 flail.
The gnoll moves out of view.
E - a scroll of identify
As you read the scroll of identify, it crumbles to dust.
x - 2 scrolls of torment You tentacle-slap the ogre.
The ogre is lightly wounded.
The ogre hits you with a +0 giant spiked club!!
Ouch! That really hurt!
You tentacle-slap the ogre. You squeeze the ogre!
The ogre is heavily wounded.
You tentacle-slap the ogre.
The ogre is severely wounded.
The ogre hits you with a +0 giant spiked club!!
Ouch! That really hurt!
You die...

######
.#......
...$...
#....# ..
#.._.##_.
##.#####.
##O.#####
#h....##
##.#.._##
#..#...##...
##.##........
#.##########.
##.# ##.##
#########
..#####..#
###........
#........#
###..........


You could see an ogre.

Vanquished Creatures
  Grinder (D:4)
  Eustachio (D:4)
  An ice beast (D:5)
  Blork the orc (D:4)
  A scorpion (D:5)
  A killer bee (D:6)
  A howler monkey (D:4)
  2 orc priests
  A gnoll bouda (D:6)
  5 sleepcaps
  Natasha (thrice) (D:4)
  2 orc wizards
  10 gnolls
  8 adders
  A white imp (D:5)
  A worm (D:2)
  A dart slug (D:2)
  15 orcs
  3 bats
  4 endoplasms
  A giant cockroach (D:3)
  5 goblins
  8 hobgoblins
  4 jackals
  2 quokkas (D:2)
  3 ball pythons
  4 frilled lizards
  6 kobolds
  4 rats
100 creatures vanquished.

Notes
Turn   | Place    | Note
-------+----------+-------------------------------------------
     0 | D:1      | Nattfarinn the Octopode Shapeshifter began the quest for
                  | the Orb.
     0 | D:1      | Reached XP level 1. HP: 14/14 MP: 1/1
   149 | D:1      | Found a faded altar of an unknown god.
   400 | D:1      | Reached XP level 2. HP: 13/19 MP: 2/2
  1436 | D:2      | Reached XP level 3. HP: 24/24 MP: 3/3
  1914 | D:3      | Found an iron altar of Okawaru.
  1926 | D:3      | Reached XP level 4. HP: 20/29 MP: 4/4
  2556 | D:3      | Reached XP level 5. HP: 34/34 MP: 5/5
  2983 | D:3      | Found a snail-covered altar of Cheibriados.
  3332 | D:4      | Reached skill level 4 in Shapeshifting
  3378 | D:4      | Reached skill level 5 in Unarmed Combat
  3378 | D:4      | Reached XP level 6. HP: 39/39 MP: 6/6
  3426 | D:4      | Noticed Natasha
  3426 | D:4      | Noticed Eustachio
  3433 | D:4      | Killed Eustachio
  3617 | D:4      | Noticed Blork the orc
  4083 | D:4      | Killed Blork the orc
  4084 | D:4      | Reached XP level 7. HP: 45/45 MP: 7/7
  4227 | D:4      | Killed Natasha
  4228 | D:4      | Reached skill level 5 in Shapeshifting
  4271 | D:4      | Noticed Natasha
  4273 | D:4      | Killed Natasha
  4338 | D:4      | Noticed Grinder
  4359 | D:4      | Paralysed by Grinder for 5 turns
  4365 | D:4      | Killed Grinder
  4482 | D:4      | Reached skill level 6 in Shapeshifting
  4523 | D:4      | Found a transporter.
  4523 | D:4      | Found Ufonwyf's Antique Weapon Shop.
  4530 | D:4      | Found a transporter.
  4693 | D:4      | Found a runed translucent door.
  4694 | D:4      | Noticed Crazy Yiuf
  4771 | D:4      | Noticed Natasha
  4774 | D:4      | Killed Natasha
  5131 | D:5      | Entered Level 5 of the Dungeon
  5170 | D:5      | Found Quitteuwk's General Store.
  5204 | D:5      | Reached XP level 8. HP: 27/50 MP: 8/8
  5322 | D:5      | Found Rumpes's Book Shoppe.
  5430 | D:5      | Found Moxucvu's Antique Weapon Shoppe.
  5442 | D:5      | Found Efre's Distillery.
  5447 | D:5      | Reached skill level 7 in Shapeshifting
  5481 | D:5      | Bought a potion of mutation for 112 gold pieces
  5481 | D:5      | Bought a potion of curing for 42 gold pieces
  5481 | D:5      | Bought a potion of brilliance for 56 gold pieces
  5483 | D:5      | Found Raloc's Antique Weapon Emporium.
  5631 | D:5      | Found a runed translucent gate.
  5631 | D:5      | Found a runed translucent gate.
  5632 | D:5      | Found a runed translucent gate.
  5633 | D:5      | Noticed British0li's ghost (weakling DsDe)
  5634 | D:5      | Noticed Olga's ghost (novice FeSh)
  5634 | D:5      | Noticed Ijustatesigmund's ghost (amateur OpVM)
  5967 | D:6      | Found a hide-covered altar of Uskayaw.
  5971 | D:6      | Found a radiant altar of Vehumet.
  5973 | D:6      | Found a glowing silver altar of Zin.
  5983 | D:6      | Slain by an ogre

Illustrated notes

Levels and vault maps discovered:
D:1:      dpeg_arrival_circle_labyrinth_c, layout_loops_ring,
          hellmonk_ecumenical_altar_arch_garden, minmay_misc_feat_alley,
          chequers_jeans
D:2:      layout_loops_cross, corexii_hall_statues_x
D:3:      layout_loops_cross, mainiacjoe_overflow_tiny_flanked,
          hellmonk_okawaru_the_only_friend_you_need
D:4:      layout_basic, serial_shops, nicolae_shop_drivethru,
          uniq_blork_the_orc, uniq_natasha, uniq_eustachio,
          uniq_crazy_yiuf_cottage, uniq_grinder
D:5:      layout_basic, gammafunk_ghost_cemetery, serial_shops,
          nicolae_shop_tiny_real_fake_doors, shop, nicolae_shop_stone, shop,
          nicolae_shop_gibbet_a_chance
D:6:      cheibrodos_fzero, layout_cave_pods,
          mainiacjoe_overflow_six_doors_small, ashenzari_altar_1,
          nicolae_overflow_macrodata_refinement, minmay_temple_entry_slanted,
          minivault_19

Skill      XL: |  1  2  3  4  5  6  7  8 |
---------------+-------------------------+-----
Unarmed Combat | 3 4 5 |  5.8
Shapeshifting  | 4 6 7 |  7.6
Fighting       | |  2.0
Dodging        | |  2.0

Action                     |  1- 3 |  4- 6 |  7- 9 || total
---------------------------+-------+-------+-------++-------
  Melee: Unarmed           |    47 |    57 |    88 ||   192
         Tentacles         |    13 |    11 |    33 ||    57
         Constrict         |    13 |    21 |    34 ||    68
         Punch             |     3 |     3 |     9 ||    15
    Use: Scroll            |       |     7 |     6 ||    13
   Stab: Sleeping          |     9 |     2 |     3 ||    14
         Distracted        |       |     1 |       ||     1
 Armour: Skin              |     3 |     4 |     4 ||    11
  Dodge: Dodged            |    18 |    33 |    43 ||    94
         Form:             |       |       |     1 ||     1
         Beast             |       |       |     1 ||     1

Table legend: (Time is in decaauts)
 A = Elapsed time spent in this place.
 B = Non-inter-level travel time spent in this place.
 C = Inter-level travel time spent in this place.
 D = Time resting spent in this place.
 E = Time spent auto-exploring this place.
 F = Levels seen in this place.
 G = Mean time per level.
                   A        B        C        D        E       F      G
               +--------+--------+--------+--------+--------+-----+--------+
         Total |   5975 |   5282 |    693 |    867 |   3568 |   6 |  995.8 |
       Dungeon |   5975 |   5282 |    693 |    867 |   3568 |   6 |  995.8 |
               +--------+--------+--------+--------+--------+-----+--------+

Top non-repeatable levels by time:
     D:4: 1859 daAuts
     D:3: 1304 daAuts
     D:1: 1280 daAuts
     D:2: 689 daAuts
     D:5: 550 daAuts
     D:6: 290 daAuts
